 Dungeon Crawl Stone Soup version 0.28.0-45-g0d030f2227 (webtiles) character file.

Game seed: 6019236976771963990

576 pkoi the Shooter (level 6, -2/51 HPs)
             Began as a Demigod Hunter on Apr 11, 2022.
             Killed by nerve-wracking pain
             ... invoked by an orc priest
              (7 damage)
             ... on level 4 of the Dungeon.
             The game lasted 00:04:55 (4241 turns).

pkoi the Shooter (Demigod Hunter)                   Turns: 4241, Time: 00:04:56

Health: -2/51      AC:  7    Str: 17    XL:     6   Next: 88%
Magic:  8/8        EV: 13    Int: 13    God:
Gold:   120        SH:  0    Dex: 18    Spells: 5/5 levels left

rFire   . . .      SeeInvis .   b - +0 short sword
rCold   . . .      Faith    .   (no shield)
rNeg    . . .      Spirit   .   c - +0 leather armour
rPois   .          Reflect  .   (no helmet)
rElec   .          Harm     .   (no cloak)
rCorr   .          Rampage  .   (no gloves)
Will    .....                   (no boots)
Stlth   ++........              (no amulet)
HPRegen 0.17/turn               i - +4 ring of protection
MPRegen 0.11/turn               (no ring)

@: no status effects
A: high MP 1, forlorn, divine attributes
a: no special abilities


You were on level 4 of the Dungeon.
You visited 1 branch of the dungeon, and saw 4 of its levels.

You collected 120 gold pieces.

Inventory:

Hand Weapons
 a - a +1 shortbow
 b - a +0 short sword (weapon)
Missiles
 d - 6 arrows
Armour
 c - a +0 leather armour (worn)
Magical Staves
 k - a staff of poison
Jewellery
 i - a +4 ring of protection (left hand)
Wands
 h - a wand of iceblast (5)
Scrolls
 f - a scroll of teleportation {unknown}
 g - a scroll of fog
Potions
 e - 2 potions of heal wounds
 j - a potion of curing


   Skills:
 - Level 3.0 Fighting
 * Level 6.4 Bows
 + Level 4.1 Dodging
 - Level 0.8 Stealth


You had 5 spell levels left.
You didn't know any spells.
Your spell library contained the following spells:

 Spells                   Type           Power      Damage    Failure   Level
 Corpse Rot               Necr/Air       0%         N/A       50%         2
 Dispel Undead            Necr           0%         3d6       98%         4
 Death Channel            Necr           0%         N/A       100%        6


Dungeon Overview and Level Annotations

Branches:
Dungeon (4/15)
 Temple: D:4-7

Shops:
D:1 [

Annotations:
D:3 Terence


Innate Abilities, Weirdness & Mutations

You have an increased reservoir of magic. (+10% MP)
You shall have no god before yourself.
Your divine heritage dramatically boosts your attributes as you level up.


Message History

The orc barely misses you.
You hit the orc.
You kill the orc!
You closely miss the orc. The orc closely misses you.
You closely miss the orc. You punch the orc.
The orc is lightly wounded.
The orc hits you with a +0 dagger.
* * * LOW HITPOINT WARNING * * *
The orc priest calls down the wrath of Beogh upon you.
Beogh smites you!
* * * LOW HITPOINT WARNING * * *
Okay, then.
You hit the orc.
The orc is heavily wounded.
The orc barely misses you.
You closely miss the orc.
The orc is heavily wounded.
The orc barely misses you.
You hit the orc.
The orc is almost dead.
The orc hits you with a +0 dagger.
* * * LOW HITPOINT WARNING * * *
The orc hits you but does no damage.
You hit the orc.
You kill the orc!
The orc priest calls down the wrath of Beogh upon you.
Pain shoots through your body!
* * * LOW HITPOINT WARNING * * *
Aiming: Iceblast
Press: ? - help, Shift-Dir - straight line, f - orc priest
Aim: an orc priest, wielding a +0 club The mass of ice explodes!
The iceblast engulfs the orc priest!
The orc priest is heavily wounded.
You hear an angry hiss.
Unknown command.
You hit the orc priest but do no damage.
The orc priest is heavily wounded.
The orc priest mumbles some strange prayers to Beogh against you.
Pain shoots through your body!
You die...

... +###'## ...##
#.+.o.+ ...#
#.#...#
..'##+.#.o.# ##+
..#..#.#...# ..#
#.#..#.'...+ ..#
#.'..o###'###+..+
#o#..#.......#..#
#@#..#.......#..##
#)###o###'###'###.
#.........# #.....
########### ######


You could see an orc priest.

Vanquished Creatures
  Eustachio (D:4)
  A scorpion (D:3)
  2 howler monkeys
  3 orc priests
  Natasha (twice) (D:3)
  An orc wizard (D:4)
  A hound skeleton (D:4)
  4 adders
  An adder skeleton (D:4)
  3 worms
  A dart slug (D:2)
  7 orcs
  4 ball pythons
  8 bats
  7 endoplasms
  3 giant cockroaches
  8 goblins
  5 hobgoblins
  5 jackals
  3 kobolds
  A quokka (D:2)
  A frilled lizard (D:1)
  7 rats
79 creatures vanquished.

Vanquished Creatures (others)
  A goblin (D:4)
  A jackal (D:4)
  18 plants (D:4)
20 creatures vanquished.

Grand Total: 99 creatures vanquished

Notes
Turn   | Place    | Note
-------+----------+-------------------------------------------
     0 | D:1      | pkoi the Demigod Hunter began the quest for the Orb.
     0 | D:1      | Reached XP level 1. HP: 17/17 MP: 3/3
   102 | D:1      | Found Quwiadoq's Antique Armour Shoppe.
   148 | D:1      | Reached XP level 2. HP: 24/24 MP: 4/4
   333 | D:1      | Reached skill level 4 in Bows
   917 | D:2      | Reached XP level 3. HP: 29/29 MP: 5/5
  1885 | D:3      | Reached XP level 4. HP: 37/37 MP: 6/6
  2227 | D:3      | Noticed Natasha
  2235 | D:3      | Killed Natasha
  2236 | D:3      | Reached skill level 5 in Bows
  2236 | D:3      | Reached XP level 5. HP: 38/45 MP: 7/7
  2312 | D:3      | Noticed Natasha
  2332 | D:3      | Killed Natasha
  2666 | D:3      | Noticed Terence
  2682 | D:4      | Noticed an ogre
  3147 | D:4      | Noticed Eustachio
  3376 | D:3      | Reached XP level 6. HP: 11/51 MP: 8/8
  3750 | D:4      | Killed Eustachio
  3751 | D:4      | Reached skill level 6 in Bows
  4241 | D:4      | Killed from afar by an orc priest

Illustrated notes

Levels and vault maps discovered:
D:1:      psy_arrival_fountain, layout_rooms,
          ebering_ecumenical_altar_petrified, serial_shops, nicolae_square_shop
D:2:      layout_basic
D:3:      cheibrodos_old_hovel, layout_basic, nicolae_uskayaw_en_pointe,
          palyth_stone_intersect, uniq_terence, uniq_natasha
D:4:      layout_basic, minitemple, nicolae_qazlal_general_emergency,
          mainiacjoe_overflow_catch_the_wave, mainiacjoe_overflow_24_doors,
          serial_undead, serial_undead_a, serial_undead_f, serial_undead_f,
          serial_undead_a, serial_undead_a, nicolae_ossuary_entry_plus,
          uniq_eustachio

Skill      XL: |  1  2  3  4  5  6 |
---------------+-------------------+-----
Fighting       | 2 3 |  3.0
Dodging        | 2 3 4 |  4.1
Bows           | 4 5 6 |  6.4
Stealth        | |  0.8

Action                   |  1- 3 |  4- 6 || total
-------------------------+-------+-------++-------
Melee: Short sword       |       |   167 ||   167
       Punch             |       |     3 ||     3
 Fire: Shortbow          |    82 |    55 ||   137
Evoke: Wand              |       |     6 ||     6
  Use: Scroll            |     2 |     2 ||     4
       Potion            |       |     3 ||     3
 Stab: Sleeping          |       |     2 ||     2
Armor: Leather armour    |     2 |    88 ||    90
Dodge: Dodged            |    12 |   148 ||   160
